Map: Prion Terraces

Players

Recognized - Winner!

  • Race: Zerg Zerg
  • League: Grandmaster

MorN

  • Race: Terran Terran
  • League: Master

VOD

Have the link to the VOD?

Description

Time

  • Played on: Dec. 19, 2015, 1:06 a.m.
  • Length: 8:37
Show
View Real Time Build Order
Export as new Build Order

Recognized Zerg - Winner!

Build Orders: Pool First, Roach Nydus 

Get SALT Encoding   

  12  0:01  Drone  
  13  0:07  Drone  
  14  0:14  Extractor  
  13  0:28  Spawning Pool  
  12  0:32  Drone  
  13  0:37  Drone  
  14  0:46  Overlord  
  14  1:05  Drone  
  14  1:06  Drone x2  
  17  1:16  Roach Warren  
  16  1:20  Drone  
  17  1:28  Drone  
  18  1:39  Drone  
  19  1:45  Extractor  
  18  1:49  Overlord  
  18  1:56  Queen  
  18  2:00  Roach  
  22  2:11  Roach  
  24  2:21  Overlord  
  24  2:40  Roach  
  26  2:44  Roach  
  26  2:48  Lair  
  28  2:54  Overlord  
  28  3:05  Roach  
  30  3:12  Roach x3  
  36  3:24  Overlord  
  36  3:35  Ravager x2  
  38  3:44  Drone  
  38  3:45  Drone x2  
  38  3:46  Drone  
  42  3:51  Ravager x2  
  39  4:27  Roach  
  39  4:28  Roach x2  
  39  4:30  Overlord x2  
  45  4:44  Nydus Network  
  41  5:16  Roach x5  
  49  5:21  Roach  
  51  5:31  Roach  
  53  5:38  Nydus Canal  
  53  5:48  Roach  
  55  6:06  Roach  
  55  6:07  Roach x2  
  55  6:30  Ravager x2  
  57  6:37  Zergling x10  
  57  6:38  Zergling x2  
  61  7:07  Extractor  
  58  7:18  Drone x2  
  58  7:20  Hatchery  
  59  7:32  Hatchery  
  59  7:34  Evolution Chamber  
  59  7:35  Evolution Chamber  
  56  7:43  Drone  
  57  7:51  Overlord x2  
Show
View Real Time Build Order
Export as new Build Order

MorN Terran 

Build Orders:  

Get SALT Encoding   

  12  0:00  SCV  
  13  0:12  SCV  
  14  0:17  Supply Depot  
  14  0:25  SCV  
  15  0:39  SCV  
  16  0:46  Barracks  
  16  0:54  SCV  
  17  1:00  Barracks  
  17  1:13  Barracks  
  17  1:16  SCV  
  18  1:25  Supply Depot  
  18  1:33  Marine  
  18  1:36  Orbital Command  
  19  1:47  Marine  
  19  1:51  Marine  
  21  1:59  Marine  
  22  2:02  SCV  
  22  2:05  Marine  
  24  2:09  Marine  
  24  2:14  SCV  
  26  2:17  Supply Depot, Marine  
  27  2:25  Bunker  
  27  2:27  Marine  
  28  2:39  Marine x2  
  28  2:41  Bunker  
  30  2:45  Marine  
  30  2:48  SCV  
  30  2:50  Refinery  
  30  2:51  Refinery  
  32  2:57  Bunker  
  32  3:00  Marine x2  
  32  3:02  Marine  
  35  3:11  Bunker  
  35  3:18  Supply Depot, Marine x2  
  37  3:29  Marine  
  38  3:36  Marine  
  38  3:37  Marine  
  39  3:47  Marine  
  40  3:54  Marine  
  40  3:55  Factory, Marine  
  38  4:04  SCV  
  38  4:05  Marine  
  39  4:11  Marine  
  39  4:24  Marine x2  
  36  4:29  Marine  
  39  4:34  SCV  
  40  4:41  Marine  
  40  4:45  Factory Tech Lab  
  40  4:46  SCV  
  40  4:48  Marine x2  
  42  5:01  Marine  
  42  5:05  Cyclone  
  42  5:06  Marine  
  47  5:10  Marine  
  47  5:13  Supply Depot  
  47  5:17  SCV  
  47  5:19  Marine  
  46  5:23  Marine  
  46  5:28  Marine  
  47  5:35  SCV  
  48  5:37  Cyclone  
  51  5:47  SCV  
  51  5:48  Marine x3  
  53  5:59  SCV  
  51  6:11  SCV  
  51  6:18  Marine x2  
  45  6:20  Cyclone  
  45  6:23  SCV  
  51  6:33  Marine  
  51  6:37  Marine x2  
  52  6:51  Marine  
  52  6:56  Cyclone  
  54  7:08  Command Center  
  52  7:18  SCV  
  47  7:45  SCV  
  47  7:48  Siege Tank  
  29  8:17  SCV  
Tags
 
Add a new tag
Caveats
  • Supply blocks, unpowered buildings, or Contaminate may cause inaccurate times.
  • Supply counts are checked every 10 seconds.